 Dungeon Crawl Stone Soup version 0.30-a0-782-ge64f9170bb (webtiles) character file.

Game seed: 9845420673160921668

550 Leeroy the Slasher (level 6, -9/48 HPs)
             Began as a Demigod Gladiator on Mar 2, 2023.
             Killed by divine providence
             ... invoked by an orc priest
              (16 damage)
             ... on level 4 of the Dungeon.
             The game lasted 00:05:22 (3210 turns).

Leeroy the Slasher (Demigod Gladiator)              Turns: 3210, Time: 00:05:23

Health: -9/48      AC:  5    Str: 15    XL:     6   Next: 79%
Magic:  8/8        EV: 13    Int: 10    God:
Gold:   146        SH:  0    Dex: 23    Spells: 5/5 levels left

rFire   . . .      SeeInvis .    a - +0 long sword
rCold   . . .      Faith    .    (no shield)
rNeg    . . .      Spirit   .    b - +0 leather armour
rPois   .          Reflect  .    c - +0 helmet
rElec   .          Harm     .    (no cloak)
rCorr   .          Rampage  .    p - +0 pair of gloves
Will    .....                    (no boots)
Stlth   ++                       (no amulet)
HPRegen 0.28/turn                (no ring)
MPRegen 0.11/turn                (no ring)

@: attractive
A: high MP 1, forlorn, divine attributes
a: no special abilities


You were on level 4 of the Dungeon.
You visited 2 branches of the dungeon, and saw 5 of its levels.
You also visited: Sewer.

You collected 146 gold pieces.

Inventory:

Hand Weapons
 a - a +0 long sword (weapon)
 h - a +1 dagger of draining
 v - the +7 dagger of Neurosis {pain, *Rage rF+ Int+3}
   (You found it on level 2 of the Dungeon)

   Int:       It affects your intelligence (+3).
   rF:        It protects you from fire.
   *Rage:     It berserks you when you make melee attacks (+20% chance).
Missiles
 d - 3 throwing nets (quivered)
 e - a javelin
 g - 19 poisoned darts
 w - 6 silver javelins
 G - a curare-tipped dart
Armour
 b - a +0 leather armour (worn)
 c - a +0 helmet (worn)
 m - an orb of guile
 p - a +0 pair of gloves (worn)
Magical Staves
 r - a staff of earth
Jewellery
 q - a ring of wizardry
 y - an amulet of the acrobat
Scrolls
 f - a scroll of noise {unknown}
 i - a scroll of vulnerability {unknown}
 j - a scroll of silence {unknown}
 k - a scroll of identify
 l - a scroll of blinking {unknown}
 n - 4 scrolls of teleportation
 s - a scroll of brand weapon {unknown}
 t - a scroll of fear {unknown}
 A - a scroll of acquirement {unknown}
 B - 2 scrolls of torment {unknown}
 D - a scroll of enchant weapon {unknown}
 J - a scroll of enchant armour {unknown}
Potions
 o - a potion of heal wounds
 u - a potion of lignification {unknown}
 x - 4 potions of attraction
 z - 2 potions of might {unknown}
 C - a potion of resistance {unknown}
 E - 2 potions of curing {unknown}
 F - a potion of berserk rage {unknown}
 H - a potion of cancellation {unknown}
 I - 2 potions of brilliance {unknown}
 K - 2 potions of mutation {unknown}
 L - a potion of haste {unknown}


   Skills:
 - Level 1.7 Fighting
 + Level 7.4 Long Blades
 - Level 1.7 Throwing
 - Level 2.6 Dodging


You had 5 spell levels left.
You didn't know any spells.
Your spell library contained the following spells:

 Spells                   Type           Power      Damage    Failure   Level
 Inner Flame              Hex/Fire       0%         N/A       80%         3
 Cause Fear               Hex            0%         N/A       99%         4
 Discord                  Hex            0%         N/A       100%        8


Dungeon Overview and Level Annotations

Branches:
Dungeon (4/15)             Temple (1/1) D:4           Sewer (visited)

Shops:
D:1 !


Innate Abilities, Weirdness & Mutations

You have an increased reservoir of magic. (+10% MP)
You shall have no god before yourself.
Your divine heritage dramatically boosts your attributes as you level up.


Message History

The goblin misses you.
You hit the goblin.
The goblin is heavily wounded.
The goblin barely misses you.
Your unstable footing causes you to fumble your attack.
The goblin hits you with a +0 club.
Your unstable footing causes you to fumble your attack.
The goblin closely misses you.
You hit the goblin.
You kill the goblin!
You hear a splash.
You closely miss the orc priest. The orc priest misses you.
You hit the orc priest.
The orc priest is lightly wounded.
The orc priest invokes the aid of Beogh against you.
Beogh smites you! The ogre misses you.
You are too injured to fight recklessly!
You are too injured to fight recklessly!
You are too injured to fight recklessly!
Found 2 atropa-tipped darts.
The orc priest hits you but does no damage.
The orc priest barely misses you.
Found an escape hatch in the floor.
You closely miss the orc priest.
The orc priest is lightly wounded.
The ogre hits you with a +0 giant club!
* * * LOW HITPOINT WARNING * * *
The orc priest barely misses you.
Okay, then.
It was a potion of attraction.
You feel attractive to monsters. The orc priest completely misses you.
The ogre barely misses you.
You aren't carrying any items that you can evoke.
Unknown command.
As you read the scroll labelled ZEZIOM AGUFU, it crumbles to dust.
It is a scroll of identify.
o - a potion of heal wounds The orc priest mumbles some strange prayers to Beogh against you.
Beogh smites you!
You die...

#......)..[...##......
#.....)..#..~~§......
##.......#.~§§~~..... .
##........~~~~§§~..# .>
.#.....†.#.§§~>~§§###..#
........###§~§§§§~......
.......<..#.~~§)~.......
...#.........~~O......(.
##.......##....o@.....#
#.#....###........##..#
...##.................
#. #..................#
# ###.##..##....#.#..#
#..##. .........## .
......#.#.# .#.........#


You could see an ogre and an orc priest.

Vanquished Creatures
  4 kobold brigands (Sewer)
  An orc priest (Temple)
  An iguana (D:3)
  An orc wizard (D:4)
  7 adders
  4 river rats (Sewer)
  3 worms
  3 dart slugs
  9 orcs
  5 bats
  4 endoplasms
  3 giant cockroaches
  6 goblins
  6 hobgoblins
  4 quokkas
  7 ball pythons
  5 frilled lizards
  9 kobolds
  14 rats
96 creatures vanquished.

Notes
Turn   | Place    | Note
-------+----------+-------------------------------------------
     0 | D:1      | Leeroy the Demigod Gladiator began the quest for the Orb.
     0 | D:1      | Reached XP level 1. HP: 17/17 MP: 3/3
    94 | D:1      | Reached skill level 3 in Long Blades
   113 | D:1      | Found Vabre's Distillery.
   116 | D:1      | Reached XP level 2. HP: 21/24 MP: 4/4
   849 | D:2      | Reached XP level 3. HP: 29/29 MP: 5/5
   901 | D:2      | Reached skill level 4 in Long Blades
   936 | D:2      | Identified the +7 dagger of Neurosis {pain, *Rage rF+
                  | Int+3}
  1326 | D:3      | Reached XP level 4. HP: 36/36 MP: 6/6
  1454 | D:3      | Found a glowing drain.
  1501 | Sewer    | Entered a sewer
  1538 | Sewer    | Reached skill level 5 in Long Blades
  1604 | Sewer    | Noticed a kobold brigand
  1622 | Sewer    | Killed a kobold brigand
  1623 | Sewer    | Reached XP level 5. HP: 16/41 MP: 7/7
  1922 | Sewer    | Reached skill level 6 in Long Blades
  2186 | Sewer    | Reached XP level 6. HP: 30/48 MP: 8/8
  2281 | Sewer    | Reached skill level 7 in Long Blades
  2692 | D:4      | Found a staircase to the Ecumenical Temple.
  2840 | Temple   | Entered the Ecumenical Temple
  3210 | D:4      | Killed from afar by an orc priest

Illustrated notes

Levels and vault maps discovered:
D:1:      scummos_arrival_star, layout_basic,
          shapermc_ecumenical_altar_flowoftime, serial_shops, shop
D:2:      layout_rooms
D:3:      layout_rooms, grunt_gozag_statues, portal_sewer_entry_d,
          hangedman_decor_lopped, minivault_25, uniq_crazy_yiuf_cottage
D:4:      layout_cave_pools, mainiacjoe_overflow_alcove_2,
          makhleb_heckhound_becter, minmay_temple_entry_mist, serial_glass,
          glass_columns_a, glass_columns_a, due_unseen_surprise
Temple:   compressed_dpeg_triangle_lava_temple

Skill      XL: |  1  2  3  4  5  6 |
---------------+-------------------+-----
Long Blades    | 3 4 5 6 7 |  7.4
Fighting       | |  1.7
Throwing       | |  1.7
Dodging        | |  2.6

Action                     |  1- 3 |  4- 6 || total
---------------------------+-------+-------++-------
  Melee: Long sword        |   122 |   232 ||   354
         Punch             |     1 |     2 ||     3
    Use: Scroll            |       |     2 ||     2
         Potion            |       |     1 ||     1
   Stab: Sleeping          |     4 |     2 ||     6
 Armour: Leather armour    |    52 |    57 ||   109
  Dodge: Dodged            |    87 |   132 ||   219

Table legend: (Time is in decaauts)
 A = Elapsed time spent in this place.
 B = Non-inter-level travel time spent in this place.
 C = Inter-level travel time spent in this place.
 D = Time resting spent in this place.
 E = Time spent auto-exploring this place.
 F = Levels seen in this place.
 G = Mean time per level.
                   A        B        C        D        E       F      G
               +--------+--------+--------+--------+--------+-----+--------+
         Total |   3335 |   3230 |    105 |    366 |   1944 |   6 |  555.8 |
       Dungeon |   2102 |   2002 |    100 |    216 |   1179 |   4 |  525.5 |
        Temple |    347 |    342 |      5 |     48 |    254 |   1 |  347.0 |
         Sewer |    885 |    885 |      0 |    102 |    510 |   1 |  885.0 |
               +--------+--------+--------+--------+--------+-----+--------+

Top non-repeatable levels by time:
   Sewer: 885 daAuts
     D:3: 830 daAuts
     D:1: 809 daAuts
     D:2: 348 daAuts
  Temple: 347 daAuts
     D:4: 114 daAuts
